 Dungeon Sprint DCSS version 0.30-a0-469-g84de5afbc5 (webtiles) character file.

Game seed: 6869897373631205366

33500000 NinjaNoafa the Intangible (level 27, -1/228 HPs)
             Began as a Djinni Warper on Dec 20, 2022.
             Was the Champion of Makhleb.
             Slain by a vile
             ... wielding a +0 mace
              (25 damage)
             ... in the Dungeon (Sprint VIII: "Arena of Blood").
             The game lasted 00:05:38 (335 turns).

NinjaNoafa the Intangible (Djinni Warper)            Turns: 335, Time: 00:05:38

Health: -1/228     AC:  6    Str: 10    XL:     27
Gold:   0          EV: 35    Int: 18    God:    Makhleb [******] SH:  0 Dex: 24

rFire   + + +      SeeInvis +    i - +∞ Axe of Woe
rCold   x . .      Faith    .    (shield currently unavailable)
rNeg    . . .      Spirit   .    b - +0 leather armour
rPois   ∞          Reflect  .    (no helmet)
rElec   .          Harm     .    (no cloak)
rCorr   .          Rampage  .    (no gloves)
Will    ++...      NoTele   +    (boots unavailable)
Stlth   +.........               (no amulet)
HPRegen 0.58/turn                j - ring of see invisible
MPRegen 0.00/turn                p - ring of protection from fire

@: confused, flying, slowed, very slow
A: sickness immunity, fire resistance 2, cold vulnerability 1, float, innate
caster, HP casting, extra vitality 1
0: Orb of Zot
}: 1/15 runes: slimy
a: Renounce Religion, Minor Destruction, Lesser Servant of Makhleb, Major
Destruction, Greater Servant of Makhleb


You were in the Dungeon.
You worshipped Makhleb.
Makhleb was exalted by your worship.
You visited 1 branch

Inventory:

Hand Weapons
 a - a +0 hand axe
 i - the +∞ Axe of Woe (weapon)
   (You found it in the Dungeon)
Missiles
 d - 7 boomerangs of dispersal (quivered)
Armour
 b - a +0 leather armour (worn)
Jewellery
 j - a ring of see invisible (left hand)
 k - a +30 ring of slaying
 l - a +200 ring of slaying
 m - a +30 ring of slaying
 n - a +30 ring of slaying
 o - a +30 ring of slaying
 p - a ring of protection from fire (right hand)
 q - a +30 ring of slaying
 r - a +30 ring of slaying
Scrolls
 c - a scroll of blinking
Potions
 g - a potion of haste
 h - a potion of berserk rage


   Skills:
 O Level 27 Fighting
 O Level 27 Short Blades
 O Level 27 Long Blades
 O Level 27 Axes
 O Level 27 Maces & Flails
 O Level 27 Polearms
 O Level 27 Staves
 O Level 27 Ranged Weapons
 O Level 27 Throwing
 O Level 27 Armour
 O Level 27 Dodging
 O Level 27 Stealth
 O Level 27 Shields
 O Level 27 Unarmed Combat
 O Level 27 Spellcasting
 O Level 27 Invocations
 O Level 27 Evocations


You couldn't memorise any spells.
You knew the following spells:

 Your Spells              Type           Power      Damage    Failure   Level
a - Blink                 Tloc           100%       N/A       0%          2
b - Lesser Beckoning      Tloc           100%       N/A       0%          3
c - Vhi's Electric Charg  Tloc/Air       100%       N/A       0%          3
d - Teleport Other        Tloc           88%        N/A       0%          3
e - Manifold Assault      Tloc           88%        N/A       0%          4
f - Sting                 Tmut/Pois      100%       1d8       0%          1
g - Poisonous Vapours     Pois/Air       100%       N/A       0%          2
h - Wereblood             Tmut           88%        N/A       0%          2
i - Flame Wave            Conj/Fire      88%        2d19      0%          4
j - Freezing Cloud        Conj/Ice/Air   44%        6-21      0%          5
k - Agony                 Necr           88%        N/A       0%          5
l - Statue Form           Tmut/Erth      58%        N/A       0%          6
m - Summon Hydra          Summ           44%        N/A       1%          7
n - Storm Form            Tmut/Air       44%        N/A       1%          7
o - Summon Horrible Thin  Summ           44%        N/A       1%          8
p - Infestation           Necr           44%        N/A       1%          8
q - Disjunction           Tloc           44%        N/A       1%          8
r - Chain Lightning       Conj/Air       44%        3d58      2%          9
Your spell library was empty.

Dungeon Overview and Level Annotations

Branches:
Dungeon (1/1)

Altars:
Makhleb


Innate Abilities, Weirdness & Mutations

You are immune to sickness and miasma.
You are immune to poison.
Your flesh is very heat resistant. (rF++)
You are vulnerable to cold. (rC-)
You float through the air rather than walking.
You learn spells naturally, not from books.
Your magical power is your life essence.
You have superior vitality. (+4 MHP)


Message History

You hear a shout!
The observer pulsates ominously.
You are more confused.
You hear a shout!
The wretched soul appears confused.
You hear a shout!
The observer gazes at you.
The fireball explodes!
The fireball engulfs the vile.
The vile completely resists.
The fireball engulfs you!! You resist.
The fireball engulfs the vile.
The vile completely resists.
The dread calls on the powers of darkness!
The observer convulses!
Your body is wracked with pain!
Unknown command.
The rakshasa attacks as you move away! The rakshasa completely misses you.
A bag of meat, a meat beast and a vile come into view.
The bag of meat shouts!
You hear a shout! x2
You barely resist.
The vile hits you with a +0 morningstar.
You are engulfed in flames!!
You resist.
You hear a shout! x2
You are more confused.
A vile comes into view. It is wielding a +0 mace.
The observer resists with some effort.
The vile hits you with a +0 mace!!
* * * LOW HITPOINT WARNING * * *
You are engulfed in flames!!
You resist.
* * * LOW HITPOINT WARNING * * *
A vile comes into view. It is wielding a +0 flail.
The vile completely misses you.
You barely resist.
A bag of meat comes into view. It is wielding a +9 war axe. x2
The rakshasa weaves an illusion.
The vile shimmers and seems to become two!
The dread hits you but does no damage. The observer bites you!
* * * LOW HITPOINT WARNING * * *
A vile comes into view. It is wielding a +0 dire flail.
You hear a shout!
A vile comes into view. It is wielding a +2 flail of draining.
The vile hits you with a +0 mace.
* * * LOW HITPOINT WARNING * * *
You are engulfed in flames!!
You resist.
You die...

### ...## ####
...).#####...#
.#......#...##
..).))).)..####
..).)..R)..)..#.##
.))))..99...)....#
9....9G@99).....)#
)..2).9W9))W..)..#
o)..)).9..9.).)..##
)o)†))z...))..)...#
o9))X)))))))).)..##
. ..
)))))))))).).))..#
.. ..#
..).).)9))9)).†..#
.. ..#
.9))..).))..)))†.#
... ..###.
...)))..†.....#


You could see a meat beast (fast), an observer (fast, invisible, ally target), a
rakshasa, a sculptor of flesh, a dread, 14 viles, a wretched soul (invisible,
confused), 3 bags of meat and a friendly tentacled monstrosity (summoned,
confused).

Vanquished Creatures
  97 molten gargoyles (D)
  Dispater (D)
  A slime creature (D)
  28 hell knights (D)
  17 hell beasts (D)
  Edmund (D)
  14 royal mummies (D)
  24 great orbs of eyes (D)
  21 wraiths (D)
  Harold (D)
  22 vampire knights (D)
  59 ogres (D)
  11 two-headed ogres (D)
  10 liches (D)
  21 hydras (D)
  27 phantoms (D)
  101 orcs (D)
  14 skeletal warriors (D)
  24 sea snakes (D)
  2 Orb Guardians (D)
  A rust devil (D)
497 creatures vanquished.

Notes
Turn   | Place    | Note
-------+----------+-------------------------------------------
     0 | D        | Found the +∞ Axe of Woe
     0 | D        | NinjaNoafa the Djinni Warper began the quest for the Orb.
     0 | D        | NinjaNoafa set off with the following spells memorised:
                  | Blink, Lesser Beckoning, Vhi's Electric Charge, Teleport
                  | Other, Manifold Assault.
     0 | D        | Reached XP level 1. HP: 18/18 MP: 0/0
     1 | D        | Noticed a bag of meat
     4 | D        | Noticed a meat berserker
     4 | D        | Killed a bag of meat
     4 | D        | Noticed a bag of meat
     4 | D        | Noticed a bag of meat
     4 | D        | Noticed a bag of meat
     5 | D        | Reached XP level 2. HP: 37/37 MP: 0/0
     5 | D        | Reached XP level 3. HP: 42/42 MP: 0/0
     5 | D        | Learned a level 1 spell: Sting
     5 | D        | Reached XP level 4. HP: 49/49 MP: 0/0
     5 | D        | Reached XP level 5. HP: 54/54 MP: 0/0
     5 | D        | Learned a level 2 spell: Poisonous Vapours
     5 | D        | Reached XP level 6. HP: 59/59 MP: 0/0
     5 | D        | Reached XP level 7. HP: 65/65 MP: 0/0
     5 | D        | Learned a level 2 spell: Wereblood
     5 | D        | Reached XP level 8. HP: 71/71 MP: 0/0
     5 | D        | Reached XP level 9. HP: 76/76 MP: 0/0
     5 | D        | Learned a level 4 spell: Flame Wave
     5 | D        | Reached XP level 10. HP: 83/83 MP: 0/0
     5 | D        | Reached XP level 11. HP: 87/87 MP: 0/0
     5 | D        | Learned a level 5 spell: Freezing Cloud
     5 | D        | Became a worshipper of Makhleb the Destroyer
     7 | D        | Killed a meat berserker
     7 | D        | Noticed a bag of meat
     8 | D        | Reached XP level 12. HP: 95/100 MP: 0/0
     8 | D        | Reached XP level 13. HP: 100/105 MP: 0/0
     8 | D        | Learned a level 5 spell: Agony
     8 | D        | Noticed a bag of meat
    10 | D        | Killed a bag of meat
    10 | D        | Reached * piety under Makhleb
    10 | D        | Noticed a bag of meat
    10 | D        | Noticed a meat berserker
    10 | D        | Noticed a meat berserker
    11 | D        | Reached skill level 15 in Dodging
    11 | D        | Killed a bag of meat
    11 | D        | Killed a bag of meat
    12 | D        | Reached XP level 14. HP: 116/116 MP: 0/0
    12 | D        | Killed a bag of meat
    12 | D        | Reached ** piety under Makhleb
    13 | D        | Killed a meat berserker
    13 | D        | Killed a bag of meat
    14 | D        | Reached skill level 15 in Axes
    14 | D        | Reached skill level 15 in Throwing
    14 | D        | Reached XP level 15. HP: 111/126 MP: 0/0
    14 | D        | Learned a level 6 spell: Statue Form
    14 | D        | Killed a meat berserker
    14 | D        | Reached *** piety under Makhleb
    15 | D        | Reached skill level 15 in Spellcasting
    15 | D        | Reached XP level 16. HP: 135/135 MP: 0/0
    16 | D        | Noticed a meat berserker
    17 | D        | Noticed a meat berserker
    18 | D        | Killed a meat berserker
    18 | D        | Reached **** piety under Makhleb
    19 | D        | Reached XP level 17. HP: 146/146 MP: 0/0
    19 | D        | Learned a level 7 spell: Summon Hydra
    19 | D        | Noticed a destroyer
    20 | D        | Noticed a meat berserker
    20 | D        | Killed a meat berserker
    20 | D        | Killed a meat berserker
    20 | D        | Reached ***** piety under Makhleb
    20 | D        | Noticed a large bag of meat
    21 | D        | Reached XP level 18. HP: 157/157 MP: 0/0
    21 | D        | Killed a large bag of meat
    21 | D        | Killed a destroyer
    22 | D        | Reached XP level 19. HP: 167/167 MP: 0/0
    22 | D        | Learned a level 7 spell: Storm Form
    22 | D        | Noticed a large bag of meat
    22 | D        | Noticed a large bag of meat
    23 | D        | Reached skill level 27 in Dodging
    23 | D        | Killed a large bag of meat
    23 | D        | Killed a large bag of meat
    24 | D        | Noticed a destroyer
    25 | D        | Reached ****** piety under Makhleb
    25 | D        | Killed a destroyer
    25 | D        | Noticed a meat berserker
    25 | D        | Noticed a meat berserker
    26 | D        | Reached skill level 27 in Fighting
    26 | D        | Reached skill level 27 in Armour
    26 | D        | Reached XP level 20. HP: 181/181 MP: 0/0
    26 | D        | Noticed a meat berserker
    27 | D        | Killed a meat berserker
    27 | D        | Noticed a meat berserker
    27 | D        | Noticed a destroyer
    28 | D        | Killed a meat berserker
    28 | D        | Killed a destroyer
    28 | D        | Killed a meat berserker
    29 | D        | Reached skill level 27 in Axes
    29 | D        | Reached skill level 27 in Throwing
    29 | D        | Reached skill level 27 in Spellcasting
    29 | D        | Reached skill level 5 in Short Blades
    29 | D        | Reached skill level 5 in Shields
    29 | D        | Reached skill level 5 in Unarmed Combat
    29 | D        | Reached skill level 5 in Invocations
    29 | D        | Reached skill level 5 in Evocations
    29 | D        | Reached XP level 21. HP: 187/187 MP: 0/0
    29 | D        | Learned a level 8 spell: Summon Horrible Things
    29 | D        | Noticed a destroyer
    29 | D        | Killed a destroyer
    29 | D        | Killed a meat berserker
    29 | D        | Noticed a meat berserker
    30 | D        | Reached XP level 22. HP: 194/194 MP: 0/0
    30 | D        | Killed a meat berserker
    30 | D        | Noticed a meat berserker
    31 | D        | Reached skill level 10 in Short Blades
    31 | D        | Reached skill level 10 in Shields
    31 | D        | Reached skill level 10 in Unarmed Combat
    31 | D        | Reached skill level 10 in Invocations
    31 | D        | Reached skill level 10 in Evocations
    31 | D        | Killed a meat berserker
    31 | D        | Noticed a large bag of meat
    32 | D        | Reached skill level 10 in Maces & Flails
    32 | D        | Reached skill level 10 in Polearms
    32 | D        | Reached skill level 10 in Ranged Weapons
    32 | D        | Killed a large bag of meat
    33 | D        | Reached XP level 23. HP: 201/201 MP: 0/0
    33 | D        | Learned a level 8 spell: Infestation
    33 | D        | Noticed a destroyer
    33 | D        | Killed a destroyer
    40 | D        | Noticed a large bag of meat
    42 | D        | Reached skill level 15 in Short Blades
    42 | D        | Noticed a destroyer
    42 | D        | Killed a destroyer
    42 | D        | Noticed a large bag of meat
    43 | D        | Reached skill level 15 in Staves
    43 | D        | Reached XP level 24. HP: 208/208 MP: 0/0
    43 | D        | Killed a large bag of meat
    45 | D        | Reached XP level 25. HP: 214/214 MP: 0/0
    45 | D        | Learned a level 8 spell: Disjunction
    45 | D        | Killed a large bag of meat
    45 | D        | Noticed a destroyer
    47 | D        | Reached XP level 26. HP: 221/221 MP: 0/0
    50 | D        | Reached skill level 27 in Stealth
    51 | D        | Noticed a destroyer
    51 | D        | Killed a destroyer
    51 | D        | Killed a destroyer
    52 | D        | Reached XP level 27. HP: 228/228 MP: 0/0
    52 | D        | Learned a level 9 spell: Chain Lightning
    54 | D        | Noticed an accursed
    58 | D        | Noticed a dread
    59 | D        | Noticed a dread
    60 | D        | Noticed a destroyer
    61 | D        | Noticed an accursed
    62 | D        | Noticed a meat beast
    62 | D        | Noticed a meat beast
    63 | D        | Killed a dread
    63 | D        | Killed a dread
    64 | D        | Killed a destroyer
    64 | D        | Killed a meat beast
    64 | D        | Noticed a destroyer
    65 | D        | Reached skill level 27 in Short Blades
    65 | D        | Reached skill level 27 in Long Blades
    65 | D        | Reached skill level 27 in Staves
    65 | D        | Reached skill level 27 in Shields
    65 | D        | Reached skill level 27 in Unarmed Combat
    65 | D        | Reached skill level 27 in Invocations
    65 | D        | Reached skill level 27 in Evocations
    65 | D        | Killed a destroyer
    65 | D        | Killed an accursed
    66 | D        | Reached skill level 27 in Maces & Flails
    66 | D        | Reached skill level 27 in Polearms
    66 | D        | Reached skill level 27 in Ranged Weapons
    66 | D        | Killed an accursed
    67 | D        | Noticed a dread
    67 | D        | Killed a dread
    67 | D        | Killed a meat beast
    82 | D        | Noticed The Servant
    84 | D        | Killed The Servant
    85 | D        | Noticed a meat beast
    86 | D        | Killed a meat beast
    87 | D        | Noticed an accursed
    87 | D        | Killed an accursed
    89 | D        | Noticed a tyrant
    90 | D        | Killed a tyrant
    94 | D        | Noticed an accursed
    94 | D        | Killed an accursed
    96 | D        | Noticed an accursed
    96 | D        | Killed an accursed
   100 | D        | Noticed a dread
   100 | D        | Killed a dread
   102 | D        | Noticed an accursed
   103 | D        | Killed an accursed
   104 | D        | Noticed a tyrant
   105 | D        | Noticed a dread
   105 | D        | Killed a tyrant
   105 | D        | Killed a dread
   106 | D        | Noticed a dread
   106 | D        | Killed a dread
   109 | D        | Noticed an accursed
   110 | D        | Noticed a destroyer
   112 | D        | Killed a destroyer
   114 | D        | Killed an accursed
   114 | D        | Noticed a destroyer
   116 | D        | Killed a destroyer
   117 | D        | Noticed a fleshlord
   117 | D        | Killed a fleshlord
   118 | D        | Noticed a fleshlord
   118 | D        | Killed a fleshlord
   118 | D        | Noticed a fleshlord
   119 | D        | Noticed a fleshlord
   119 | D        | Killed a fleshlord
   119 | D        | Killed a fleshlord
   120 | D        | Noticed a fleshlord
   121 | D        | Noticed a fleshlord
   122 | D        | Killed a fleshlord
   124 | D        | Killed a fleshlord
   127 | D        | Noticed a fleshlord
   128 | D        | Killed a fleshlord
   130 | D        | Noticed an accursed
   130 | D        | Noticed a meat beast
   130 | D        | Noticed a tyrant
   130 | D        | Noticed a fleshlord
   130 | D        | Noticed a fleshlord
   131 | D        | Killed a fleshlord
   131 | D        | Noticed an accursed
   132 | D        | Killed an accursed
   132 | D        | Noticed a fleshlord
   133 | D        | Killed a tyrant
   133 | D        | Killed a fleshlord
   133 | D        | Killed an accursed
   134 | D        | Killed a meat beast
   135 | D        | Killed a fleshlord
   136 | D        | Noticed a fleshlord
   137 | D        | Killed a fleshlord
   142 | D        | Noticed a fleshlord
   142 | D        | Noticed a destroyer
   143 | D        | Noticed a large bag of meat
   144 | D        | Killed a large bag of meat
   144 | D        | Killed a destroyer
   144 | D        | Noticed a fleshlord
   145 | D        | Killed a fleshlord
   145 | D        | Killed a fleshlord
   148 | D        | Noticed a tyrant
   149 | D        | Killed a tyrant
   153 | D        | Noticed a dread
   154 | D        | Killed a dread
   154 | D        | Noticed a meat beast
   155 | D        | Killed a meat beast
   161 | D        | Noticed a dread
   163 | D        | Noticed a dread
   163 | D        | Killed a dread
   163 | D        | Killed a dread
   165 | D        | Noticed a destroyer
   166 | D        | Killed a destroyer
   168 | D        | Noticed a dread
   168 | D        | Killed a dread
   169 | D        | Noticed a meat beast
   169 | D        | Noticed a fleshlord
   170 | D        | Killed a fleshlord
   170 | D        | Noticed a meat beast
   172 | D        | Killed a meat beast
   173 | D        | Killed a meat beast
   176 | D        | Noticed a fleshlord
   176 | D        | Noticed a large bag of meat
   177 | D        | Killed a fleshlord
   177 | D        | Killed a large bag of meat
   177 | D        | Noticed a fleshlord
   178 | D        | Killed a fleshlord
   178 | D        | Noticed a large bag of meat
   178 | D        | Noticed a dread
   179 | D        | Killed a large bag of meat
   179 | D        | Killed a dread
   182 | D        | Noticed a dread
   183 | D        | Killed a dread
   190 | D        | Noticed a tyrant
   191 | D        | Killed a tyrant
   193 | D        | Noticed a fleshlord
   193 | D        | Noticed an accursed
   194 | D        | Noticed a destroyer
   195 | D        | Noticed a large bag of meat
   195 | D        | Killed a destroyer
   195 | D        | Noticed a dread
   197 | D        | Killed an accursed
   198 | D        | Noticed a dread
   198 | D        | Killed a fleshlord
   198 | D        | Killed a dread
   200 | D        | Killed a dread
   200 | D        | Killed a large bag of meat
   200 | D        | Noticed a tyrant
   200 | D        | Noticed a vile
   201 | D        | Killed a tyrant
   201 | D        | Killed a vile
   205 | D        | Noticed a destroyer
   205 | D        | Noticed a destroyer
   205 | D        | Noticed a fleshlord
   205 | D        | Noticed a fleshlord
   206 | D        | Killed a destroyer
   206 | D        | Killed a destroyer
   206 | D        | Killed a fleshlord
   206 | D        | Noticed The Defiler
   207 | D        | Killed The Defiler
   207 | D        | Killed a fleshlord
   208 | D        | Noticed a destroyer
   215 | D        | Noticed a dread
   215 | D        | Killed a dread
   215 | D        | Noticed a meat beast
   216 | D        | Killed a meat beast
   218 | D        | Noticed a dread
   219 | D        | Killed a dread
   219 | D        | Noticed a fleshlord
   220 | D        | Noticed a fleshlord
   220 | D        | Killed a fleshlord
   220 | D        | Killed a fleshlord
   221 | D        | Noticed a vile
   222 | D        | Killed a vile
   222 | D        | Noticed a large bag of meat
   223 | D        | Noticed a vile
   223 | D        | Killed a large bag of meat
   223 | D        | Killed a vile
   225 | D        | Noticed a fleshlord
   225 | D        | Noticed a vile
   226 | D        | Killed a fleshlord
   226 | D        | Killed a vile
   227 | D        | Noticed a destroyer
   227 | D        | Noticed a vile
   228 | D        | Noticed a vile
   228 | D        | Killed a destroyer
   228 | D        | Killed a vile
   228 | D        | Killed a vile
   228 | D        | Noticed a vile
   228 | D        | Noticed a vile
   229 | D        | Killed a vile
   229 | D        | Killed a vile
   235 | D        | Noticed a vile
   235 | D        | Killed a vile
   238 | D        | Noticed a vile
   239 | D        | Killed a vile
   241 | D        | Noticed a fleshlord
   242 | D        | Noticed a fleshlord
   242 | D        | Killed a fleshlord
   242 | D        | Killed a fleshlord
   242 | D        | Noticed a meat beast
   244 | D        | Killed a meat beast
   244 | D        | Noticed a dread
   244 | D        | Noticed a meat beast
   245 | D        | Noticed a dread
   245 | D        | Noticed a vile
   245 | D        | Noticed The Meatlord
   245 | D        | Noticed a fleshlord
   246 | D        | Killed a meat beast
   246 | D        | Killed a vile
   246 | D        | Noticed a fleshlord
   247 | D        | Killed a fleshlord
   247 | D        | Killed a dread
   247 | D        | Killed a dread
   247 | D        | Noticed a meat beast
   248 | D        | Killed a fleshlord
   249 | D        | Killed The Meatlord
   249 | D        | Noticed a dread
   249 | D        | Noticed a destroyer
   250 | D        | Killed a destroyer
   250 | D        | Killed a destroyer
   250 | D        | Killed a meat beast
   250 | D        | Noticed a vile
   252 | D        | Killed a vile
   252 | D        | Killed a dread
   253 | D        | Got the Orb of Zot
   253 | D        | Noticed a fleshlord
   254 | D        | Killed a fleshlord
   254 | D        | Noticed a vile
   255 | D        | Killed a vile
   255 | D        | Noticed a destroyer
   255 | D        | Noticed a vile
   255 | D        | Noticed a vile
   256 | D        | Killed a vile
   256 | D        | Killed a destroyer
   256 | D        | Killed a vile
   256 | D        | Noticed a vile
   257 | D        | Killed a vile
   257 | D        | Noticed a tyrant
   258 | D        | Noticed a vile
   258 | D        | Killed a tyrant
   258 | D        | Killed a vile
   259 | D        | Noticed a vile
   259 | D        | Killed a vile
   259 | D        | Noticed a vile
   260 | D        | Noticed a vile
   260 | D        | Killed a vile
   260 | D        | Killed a vile
   260 | D        | Noticed a meat beast
   261 | D        | Noticed a vile
   261 | D        | Killed a meat beast
   261 | D        | Killed a vile
   261 | D        | Noticed a vile
   262 | D        | Killed a vile
   262 | D        | Noticed a meat beast
   264 | D        | Noticed a vile
   264 | D        | Killed a meat beast
   264 | D        | Killed a vile
   264 | D        | Noticed a vile
   264 | D        | Noticed an accursed
   264 | D        | Noticed a vile
   265 | D        | Noticed a vile
   265 | D        | Noticed a vile
   265 | D        | Killed a vile
   265 | D        | Killed a vile
   265 | D        | Killed a vile
   265 | D        | Noticed a vile
   265 | D        | Noticed a tyrant
   265 | D        | Noticed a vile
   266 | D        | Noticed a vile
   266 | D        | Killed a tyrant
   266 | D        | Killed a vile
   266 | D        | Killed an accursed
   267 | D        | Killed a vile
   267 | D        | Killed a vile
   267 | D        | Killed a vile
   268 | D        | Noticed a vile
   268 | D        | Killed a vile
   269 | D        | Noticed a vile
   269 | D        | Killed a vile
   275 | D        | Noticed a vile
   276 | D        | Noticed a vile
   278 | D        | Killed a vile
   278 | D        | Killed a vile
   278 | D        | Noticed a vile
   279 | D        | Killed a vile
   279 | D        | Noticed a vile
   279 | D        | Noticed an accursed
   280 | D        | Killed an accursed
   280 | D        | Noticed a vile
   281 | D        | Noticed a vile
   281 | D        | Killed a vile
   281 | D        | Killed a vile
   281 | D        | Noticed a meat beast
   281 | D        | Noticed a meat beast
   282 | D        | Noticed a vile
   282 | D        | Killed a meat beast
   282 | D        | Killed a meat beast
   282 | D        | Killed a vile
   282 | D        | Killed a vile
   282 | D        | Noticed a vile
   282 | D        | Noticed a vile
   282 | D        | Noticed a vile
   282 | D        | Noticed an accursed
   282 | D        | Noticed a dread
   283 | D        | Killed a vile
   283 | D        | Killed an accursed
   283 | D        | Killed a vile
   283 | D        | Killed a dread
   283 | D        | Noticed a vile
   283 | D        | Noticed a vile
   283 | D        | Noticed a vile
   284 | D        | Killed a vile
   284 | D        | Killed a vile
   284 | D        | Killed a vile
   284 | D        | Killed a vile
   284 | D        | Noticed an accursed
   285 | D        | Killed an accursed
   285 | D        | Noticed a destroyer
   287 | D        | Killed a destroyer
   287 | D        | Noticed a dread
   287 | D        | Noticed a vile
   288 | D        | Noticed a vile
   288 | D        | Killed a dread
   288 | D        | Killed a vile
   288 | D        | Killed a vile
   292 | D        | Noticed a vile
   292 | D        | Noticed a vile
   292 | D        | Noticed a tyrant
   293 | D        | Killed a tyrant
   293 | D        | Killed a vile
   293 | D        | Noticed a meat beast
   293 | D        | Noticed a vile
   294 | D        | Killed a vile
   294 | D        | Killed a vile
   294 | D        | Killed a meat beast
   294 | D        | Noticed a vile
   295 | D        | Noticed a vile
   295 | D        | Killed a vile
   295 | D        | Killed a vile
   296 | D        | Noticed a vile
   297 | D        | Killed a vile
   299 | D        | Noticed a vile
   299 | D        | Killed a vile
   300 | D        | Noticed The Unspeakable
   301 | D        | Noticed a vile
   301 | D        | Killed a vile
   302 | D        | Noticed a vile
   302 | D        | Killed The Unspeakable
   302 | D        | Killed a vile
   303 | D        | Got a slimy rune of Zot
   304 | D        | Noticed a vile
   304 | D        | Noticed a vile
   305 | D        | Killed a vile
   305 | D        | Killed a vile
   308 | D        | Noticed a vile
   308 | D        | Killed a vile
   310 | D        | Noticed a meat beast
   311 | D        | Noticed a vile
   311 | D        | Noticed a vile
   311 | D        | Killed a vile
   311 | D        | Killed a meat beast
   311 | D        | Killed a vile
   311 | D        | Noticed a vile
   311 | D        | Noticed a tyrant
   311 | D        | Noticed a vile
   311 | D        | Noticed a vile
   312 | D        | Noticed a vile
   312 | D        | Killed a vile
   312 | D        | Killed a vile
   312 | D        | Killed a vile
   313 | D        | Killed a tyrant
   313 | D        | Noticed a vile
   313 | D        | Noticed a vile
   313 | D        | Noticed a vile
   314 | D        | Killed a vile
   314 | D        | Killed a vile
   314 | D        | Killed a vile
   314 | D        | Noticed a fleshlord
   314 | D        | Noticed a vile
   315 | D        | Killed a fleshlord
   315 | D        | Killed a vile
   316 | D        | Noticed a vile
   316 | D        | Killed a vile
   316 | D        | Noticed a vile
   317 | D        | Killed a vile
   317 | D        | Killed a vile
   317 | D        | Noticed a vile
   318 | D        | Killed a vile
   318 | D        | Noticed a vile
   319 | D        | Killed a vile
   320 | D        | Noticed a vile
   320 | D        | Noticed a vile
   321 | D        | Noticed a vile
   321 | D        | Killed a vile
   321 | D        | Killed a vile
   321 | D        | Noticed a vile
   321 | D        | Noticed a vile
   321 | D        | Noticed a vile
   322 | D        | Killed a vile
   322 | D        | Killed a vile
   322 | D        | Killed a vile
   322 | D        | Killed a vile
   322 | D        | Noticed a vile
   323 | D        | Noticed a vile
   323 | D        | Killed a vile
   323 | D        | Killed a vile
   323 | D        | Noticed a vile
   323 | D        | Noticed a vile
   324 | D        | Killed a vile
   324 | D        | Killed a vile
   324 | D        | Noticed a vile
   324 | D        | Noticed a vile
   325 | D        | Killed a vile
   325 | D        | Killed a vile
   325 | D        | Noticed a vile
   325 | D        | Noticed a vile
   325 | D        | Noticed a vile
   325 | D        | Noticed a vile
   326 | D        | Killed a vile
   326 | D        | Killed a vile
   326 | D        | Killed a vile
   327 | D        | Killed a vile
   327 | D        | Noticed a vile
   328 | D        | Killed a vile
   328 | D        | Noticed a vile
   328 | D        | Noticed a vile
   329 | D        | Noticed a vile
   329 | D        | Killed a vile
   329 | D        | Killed a vile
   329 | D        | Noticed a vile
   329 | D        | Noticed a vile
   329 | D        | Noticed a vile
   329 | D        | Noticed a vile
   330 | D        | Noticed a vile
   330 | D        | Noticed a dread
   330 | D        | Noticed a vile
   330 | D        | Noticed a vile
   331 | D        | Noticed a vile
   331 | D        | Killed a vile
   332 | D        | Noticed a vile
   333 | D        | Noticed a vile
   333 | D        | Noticed a vile
   334 | D        | Noticed a vile
   334 | D        | Killed a vile
   334 | D        | Killed a vile
   334 | D        | Killed a vile
   334 | D        | Killed a vile
   335 | D        | Noticed a meat beast
   335 | D        | Noticed a vile
   335 | D        | Noticed a vile
   335 | D        | Noticed a vile
   335 | D        | Noticed a vile
   335 | D        | Noticed a vile
   335 | D        | Slain by a vile

Illustrated notes

Levels and vault maps discovered:
D:        meatsprint

Skill      XL: |  1  2  3  4  5  6  7  8  9 10 11 12 13 14 15 16 17 18 19 20 21 22 23 24 25 26 27 |
---------------+----------------------------------------------------------------------------------+-----
Fighting       | 11 14 16 18 19 21 22 24 27 | 27.0
Axes           | 9 11 13 15 16 18 19 21 24 27 | 27.0
Throwing       | 9 11 13 15 16 17 19 21 24 27 | 27.0
Armour         | 11 13 16 18 19 21 22 24 27 | 27.0
Dodging        | 12 14 17 19 20 22 24 26 27 | 27.0
Spellcasting   | 8 11 12 14 15 16 18 19 22 27 | 27.0
Short Blades   | 5 9 12 16 18 21 22 27 | 27.0
Long Blades    | 4 8 12 16 18 20 22 27 | 27.0
Maces & Flails | 4 7 11 14 16 18 20 27 | 27.0
Polearms       | 4 7 11 14 16 18 20 27 | 27.0
Staves         | 4 8 12 15 18 20 22 27 | 27.0
Ranged Weapons | 4 7 11 14 16 18 20 27 | 27.0
Stealth        | 4 8 12 16 18 20 27 | 27.0
Shields        | 5 9 13 17 19 21 23 27 | 27.0
Unarmed Combat | 5 9 13 17 19 21 23 27 | 27.0
Invocations    | 5 9 13 17 19 21 23 27 | 27.0
Evocations     | 5 9 13 17 19 21 23 27 | 27.0

Action                   |  1- 3 |  4- 6 |  7- 9 | 10-12 | 13-15 | 16-18 | 19-21 | 22-24 | 25-27 || total
-------------------------+-------+-------+-------+-------+-------+-------+-------+-------+-------++-------
Melee: Executioner's axe |     1 |       |       |     1 |     5 |    10 |    16 |    22 |   439 ||   494
 Cast: Freezing Cloud    |       |       |       |     1 |     1 |       |       |       |       ||     2
       Manifold Assault  |       |       |       |       |       |     4 |     6 |     9 |   191 ||   210
       Summon Horrible T |       |       |       |       |       |       |       |     2 |     4 ||     6
       Summon Hydra      |       |       |       |       |       |       |       |     2 |     2 ||     4
       Infestation       |       |       |       |       |       |       |       |       |     2 ||     2
       Chain Lightning   |       |       |       |       |       |       |       |       |     1 ||     1
  Use: Potion            |       |       |       |       |       |       |       |       |     2 ||     2
       Scroll            |       |       |       |       |       |       |       |       |     1 ||     1
 Stab: Distracted        |       |       |       |       |       |       |       |       |     1 ||     1
Armor: Leather armour    |       |       |       |       |       |       |       |       |     3 ||     3
Dodge: Dodged            |       |       |       |       |     1 |       |       |       |    11 ||    12

Table legend: (Time is in decaauts)
 A = Elapsed time spent in this place.
 B = Non-inter-level travel time spent in this place.
 C = Inter-level travel time spent in this place.
 D = Time resting spent in this place.
 E = Time spent auto-exploring this place.
 F = Levels seen in this place.
 G = Mean time per level.
                   A        B        C        D        E       F      G
               +--------+--------+--------+--------+--------+-----+--------+
         Total |    331 |    331 |      0 |      0 |      8 |   1 |  331.0 |
       Dungeon |    331 |    331 |      0 |      0 |      8 |   1 |  331.0 |
               +--------+--------+--------+--------+--------+-----+--------+

Top non-repeatable levels by time:
       D: 331 daAuts
